HBL
MILWAUKEE OTTERS @ SAVANNAH SWAMP FOXES
03/31/1997
 
TOP OF THE 1ST
Milwaukee Otters batting - Pitching for Savannah Swamp Foxes : RHP Shane Reynolds
Pitching: RHP Shane Reynolds
Batting: SHB Desi Relaford 0-0: Ball
1-0: Ball
2-0: Called Strike
2-1: Fly out, F7 (Flyball, 7, EV 88.8 MPH)
Batting: RHB Carlos A. Martinez 0-0: Ball
1-0: Ground out 5-3 (Groundball, 5, EV 75.6 MPH)
Batting: LHB Brady Anderson 0-0: Ball
1-0: DOUBLE (Line Drive, 8LXD, EV 105.0 MPH)
Batting: LHB Oddibe McDowell 0-0: Foul Ball, location: 2F
0-1: Ball
1-1: Foul Ball, location: 2F
1-2: Ball
2-2: Ball
3-2: TRIPLE (Flyball, 78XD, EV 108.1 MPH)
Brady Anderson scores
Batting: RHB Cal Ripken Jr. 0-0: Called Strike
0-1: Fly out, F6 (Line Drive, 6, EV 67.5 MPH)
Top of the 1st over - 1 run, 2 hits, 0 errors, 1 left on base; Milwaukee 1 - Savannah 0
BOTTOM OF THE 1ST
Savannah Swamp Foxes batting - Pitching for Milwaukee Otters : LHP Bob Ojeda
Pitching: LHP Bob Ojeda
Batting: RHB Andy Sheets 0-0: Foul Ball, location: 2F
0-1: Called Strike
0-2: Ball
1-2: Ball
2-2: SINGLE (Groundball, 15S, EV 69.4 MPH) (infield hit)
Batting: LHB Tony Longmire 0-0: Called Strike
0-1: Ball
1-1: Ball
2-1: Swinging Strike
Andy Sheets steals 2nd base
2-2: Ball
3-2: Ground out 4-3 (Groundball, 4, EV 108.1 MPH)
Andy Sheets to third
Batting: RHB Jimmy Hurst 0-0: Called Strike
0-1: Called Strike
0-2: Ball
1-2: Strikes out looking
Batting: LHB John Kruk 0-0: Foul Ball, location: 2F
0-1: Ball
1-1: SINGLE (Groundball, 56D, EV 96.9 MPH)
Andy Sheets scores
Batting: RHB Izzy Molina 0-0: Called Strike
0-1: Ball
John Kruk steals 2nd, throwing error, E2
John Kruk to third
1-1: Ball
2-1: Fly out, F9 (Flyball, 89S, EV 87.5 MPH)
Bottom of the 1st over - 1 run, 2 hits, 1 error, 1 left on base; Milwaukee 1 - Savannah 1
TOP OF THE 2ND
Milwaukee Otters batting - Pitching for Savannah Swamp Foxes : RHP Shane Reynolds
Batting: RHB Robby Thompson 0-0: Ball
1-0: Called Strike
1-1: Foul Ball, location: 2F
1-2: Ball
2-2: SINGLE (Groundball, 56S, EV 67.5 MPH) (infield hit)
Batting: LHB Lou Whitaker 0-0: Fly out, F9 (Flyball, 9LS, EV 80.6 MPH)
Batting: RHB Joe Vitiello 0-0: Called Strike
0-1: Foul Ball, location: 2F
0-2: Ball
1-2: Foul Ball, location: 2F
1-2: Fly out, F4 (Popup, 4MD, EV 56.3 MPH)
Batting: RHB Brian Harper 0-0: Foul Ball, location: 2F
0-1: Called Strike
0-2: Strikes out looking
Top of the 2nd over - 0 runs, 1 hit, 0 errors, 1 left on base; Milwaukee 1 - Savannah 1
BOTTOM OF THE 2ND
Savannah Swamp Foxes batting - Pitching for Milwaukee Otters : LHP Bob Ojeda
Batting: LHB Jacob Cruz 0-0: Foul Ball, location: 2F
0-1: Foul Ball, location: 2F
0-2: Foul Ball, location: 2F
0-2: Foul Ball, location: 2F
0-2: Foul Ball, location: 2F
0-2: Ball
1-2: Foul Ball, location: 2F
1-2: SINGLE (Flyball, 9LM, EV 101.9 MPH)
Batting: LHB Jack Howell 0-0: Called Strike
0-1: Ball
1-1: Foul Ball, location: 2F
1-2: Ball
2-2: Ball
3-2: Strikes out looking
Batting: RHB Masahiro Kawai 0-0: Ball
1-0: Ball
2-0: Called Strike
2-1: Foul Ball, location: 2F
2-2: Ball
3-2: Fly out, F7 (Flyball, 78D, EV 89.4 MPH)
Batting: LHB Koji Goto 0-0: Ball
1-0: Foul Ball, location: 2F
1-1: Swinging Strike
1-2: Strikes out looking
Bottom of the 2nd over - 0 runs, 1 hit, 0 errors, 1 left on base; Milwaukee 1 - Savannah 1
TOP OF THE 3RD
Milwaukee Otters batting - Pitching for Savannah Swamp Foxes : RHP Shane Reynolds
Batting: SHB Desi Relaford 0-0: Called Strike
0-1: Foul Ball, location: 2F
0-2: Fly out, F9 (Flyball, 9, EV 93.1 MPH)
Batting: RHB Carlos A. Martinez 0-0: Called Strike
0-1: Ground out 5-3 (Groundball, 56, EV 91.9 MPH)
Batting: LHB Brady Anderson 0-0: Called Strike
0-1: Ball
1-1: Swinging Strike
1-2: Ball
2-2: Fly out, F7 (Flyball, 7S, EV 76.3 MPH)
Top of the 3rd over - 0 runs, 0 hits, 0 errors, 0 left on base; Milwaukee 1 - Savannah 1
BOTTOM OF THE 3RD
Savannah Swamp Foxes batting - Pitching for Milwaukee Otters : LHP Bob Ojeda
Batting: RHB Andy Sheets 0-0: Fly out, F8 (Flyball, 8RXD, EV 102.5 MPH)
Batting: LHB Tony Longmire 0-0: Ball
1-0: Foul Ball, location: 2F
1-1: Ball
2-1: Fly out, F9 (Flyball, 9LS, EV 87.5 MPH)
Batting: RHB Jimmy Hurst 0-0: Called Strike
0-1: Ball
1-1: Called Strike
1-2: Ball
2-2: Fly out, F7 (Flyball, 78S, EV 93.1 MPH)
Bottom of the 3rd over - 0 runs, 0 hits, 0 errors, 0 left on base; Milwaukee 1 - Savannah 1
TOP OF THE 4TH
Milwaukee Otters batting - Pitching for Savannah Swamp Foxes : RHP Shane Reynolds
Batting: LHB Oddibe McDowell 0-0: Called Strike
0-1: Ball
1-1: Called Strike
1-2: Ball
2-2: SINGLE (Groundball, 34D, EV 95.0 MPH)
Batting: RHB Cal Ripken Jr. 0-0: Called Strike
0-1: Foul Ball, location: 2F
0-2: Ball
1-2: Fly out, F6 (Popup, 6M, EV 72.5 MPH)
Batting: RHB Robby Thompson 0-0: Ball
1-0: Ball
2-0: Ball
3-0: Base on Balls
Oddibe McDowell to second
Batting: LHB Lou Whitaker 0-0: Ball
1-0: Ball
2-0: Called Strike
2-1: Ball
3-1: Base on Balls
Oddibe McDowell to third
Robby Thompson to second
Batting: RHB Joe Vitiello 0-0: Called Strike
0-1: Called Strike
0-2: Ball
1-2: Foul Ball, location: 2F
1-2: Strikes out swinging
Batting: RHB Brian Harper 0-0: Ball
1-0: Called Strike
1-1: Ball
2-1: Foul Ball, location: 2F
2-2: Foul Ball, location: 2F
2-2: SINGLE (Groundball, 34D, EV 93.8 MPH)
Oddibe McDowell scores
Robby Thompson to third
Lou Whitaker to second
Runner from 3rd tries for Home, SAFE, no throw by RF
Batting: SHB Desi Relaford 0-0: Ball
1-0: Foul Ball, location: 2F
1-1: Ball
2-1: Fly out, F9 (Flyball, 9S, EV 90.0 MPH)
Top of the 4th over - 2 runs, 2 hits, 0 errors, 2 left on base; Milwaukee 3 - Savannah 1
BOTTOM OF THE 4TH
Savannah Swamp Foxes batting - Pitching for Milwaukee Otters : LHP Bob Ojeda
Batting: LHB John Kruk 0-0: Ball
1-0: Called Strike
1-1: Ball
2-1: Foul Ball, location: 2F
2-2: Strikes out swinging
Batting: RHB Izzy Molina 0-0: Foul Ball, location: 2F
0-1: Ball
1-1: Called Strike
1-2: Strikes out swinging
Batting: LHB Jacob Cruz 0-0: Called Strike
0-1: Fly out, F3 (Popup, 34, EV 69.4 MPH)
Bottom of the 4th over - 0 runs, 0 hits, 0 errors, 0 left on base; Milwaukee 3 - Savannah 1
TOP OF THE 5TH
Milwaukee Otters batting - Pitching for Savannah Swamp Foxes : RHP Shane Reynolds
Batting: RHB Carlos A. Martinez 0-0: Foul Ball, location: 2F
0-1: Foul Ball, location: 2F
0-2: Foul Ball, location: 2F
0-2: Strikes out swinging
Batting: LHB Brady Anderson 0-0: Called Strike
0-1: Fly out, F9 (Flyball, 9, EV 88.8 MPH)
Batting: LHB Oddibe McDowell 0-0: Called Strike
0-1: Ball
1-1: Foul Ball, location: 2F
1-2: Ball
2-2: Fly out, F7 (Flyball, 78M, EV 83.1 MPH)
Top of the 5th over - 0 runs, 0 hits, 0 errors, 0 left on base; Milwaukee 3 - Savannah 1
BOTTOM OF THE 5TH
Savannah Swamp Foxes batting - Pitching for Milwaukee Otters : LHP Bob Ojeda
Batting: LHB Jack Howell 0-0: Ball
1-0: SINGLE (Groundball, 34D, EV 101.9 MPH)
Batting: RHB Masahiro Kawai 0-0: Sac Bunt to 23 - play at second, runner OUT! 3-6
Batting: LHB Koji Goto 0-0: Ball
1-0: Ball
2-0: Called Strike
2-1: SINGLE (Flyball, 8RS, EV 90.6 MPH)
Masahiro Kawai to second
Runner from 2nd tries for 3rd, SAFE, throw by RF made to third
Batting: RHB Andy Sheets 0-0: Swinging Strike
0-1: Swinging Strike
0-2: Strikes out swinging
Koji Goto steals 2nd base
Batter strikes out.
Batting: LHB Tony Longmire 0-0: Ball
1-0: Foul Ball, location: 2F
1-1: DOUBLE (Line Drive, 7LD, EV 100.6 MPH)
Masahiro Kawai scores
Koji Goto scores
Batting: RHB Jimmy Hurst 0-0: Ball
1-0: Ball
2-0: Foul Ball, location: 2F
2-1: Foul Ball, location: 2F
2-2: Strikes out swinging
Bottom of the 5th over - 2 runs, 3 hits, 0 errors, 1 left on base; Milwaukee 3 - Savannah 3
TOP OF THE 6TH
Milwaukee Otters batting - Pitching for Savannah Swamp Foxes : RHP Shane Reynolds
Batting: RHB Cal Ripken Jr. 0-0: Ball
1-0: Called Strike
1-1: SOLO HOME RUN (Flyball, 78XD, EV 86.9 MPH), Distance : 450 ft
Batting: RHB Robby Thompson 0-0: Called Strike
0-1: Foul Ball, location: 2F
0-2: Ball
1-2: Strikes out swinging
Batting: LHB Lou Whitaker 0-0: Called Strike
0-1: Foul Ball, location: 2F
0-2: Fly out, F7 (Flyball, 7LD, EV 90.0 MPH)
Batting: RHB Joe Vitiello 0-0: SOLO HOME RUN (Flyball, 7LD, EV 110.0 MPH), Distance : 361 ft
Pitching: RHP Dustin Hermanson
Batting: RHB Brian Harper 0-0: Ball
1-0: Called Strike
1-1: Swinging Strike
1-2: Ground out 5-3 (Groundball, 56, EV 103.1 MPH)
Top of the 6th over - 2 runs, 2 hits, 0 errors, 0 left on base; Milwaukee 5 - Savannah 3
BOTTOM OF THE 6TH
Savannah Swamp Foxes batting - Pitching for Milwaukee Otters : LHP Bob Ojeda
Batting: LHB John Kruk 0-0: Ball
1-0: Foul Ball, location: 2F
1-1: Foul Ball, location: 2F
1-2: Ball
2-2: Ball
3-2: SINGLE (Flyball, 89S, EV 86.9 MPH)
Batting: RHB Izzy Molina 0-0: DOUBLE (Line Drive, 9LM, EV 97.5 MPH)
John Kruk to third
Batting: LHB Jacob Cruz 0-0: Ball
1-0: Called Strike
1-1: Ball
Wild Pitch!
John Kruk scores
Izzy Molina to third
2-1: Ball
3-1: Base on Balls
Batting: LHB Jack Howell 0-0: Ball
1-0: Ball
2-0: Foul Ball, location: 2F
2-1: Grounds into double play, 4-6-3 (Groundball, 4, EV 80.0 MPH)
Izzy Molina scores
Batting: RHB Masahiro Kawai 0-0: Foul Ball, location: 2F
0-1: Swinging Strike
0-2: Ground out 5-3 (Groundball, 56, EV 93.8 MPH)
Bottom of the 6th over - 2 runs, 2 hits, 0 errors, 0 left on base; Milwaukee 5 - Savannah 5
TOP OF THE 7TH
Milwaukee Otters batting - Pitching for Savannah Swamp Foxes : RHP Dustin Hermanson
Batting: SHB Desi Relaford 0-0: Called Strike
0-1: Swinging Strike
0-2: Foul Ball, location: 2F
0-2: Ground out 6-3 (Groundball, 6, EV 100.6 MPH)
Batting: RHB Carlos A. Martinez 0-0: Ball
1-0: Ball
2-0: Ball
3-0: Called Strike
3-1: Swinging Strike
3-2: Fly out, F4 (Popup, 34S, EV 73.8 MPH)
Batting: LHB Brady Anderson 0-0: Called Strike
0-1: Ball
1-1: SINGLE (Line Drive, 8LS, EV 103.1 MPH)
Batting: LHB Oddibe McDowell 0-0: Ball
1-0: Ball
2-0: Ball
3-0: Called Strike
3-1: 2-RUN HOME RUN (Flyball, 9D, EV 102.5 MPH), Distance : 406 ft
Batting: RHB Cal Ripken Jr. 0-0: Called Strike
0-1: Foul Ball, location: 2F
0-2: Ball
1-2: Ball
2-2: Ball
3-2: Foul Ball, location: 2F
3-2: Ground out 6-3 (Groundball, 6, EV 82.5 MPH)
Top of the 7th over - 2 runs, 2 hits, 0 errors, 0 left on base; Milwaukee 7 - Savannah 5
BOTTOM OF THE 7TH
Savannah Swamp Foxes batting - Pitching for Milwaukee Otters : LHP Bob Ojeda
Pitching: RHP Todd Ritchie
Batting: LHB Koji Goto 0-0: Called Strike
0-1: Called Strike
0-2: Ball
1-2: Ball
2-2: Fly out, F8 (Flyball, 8RXD, EV 97.5 MPH)
Batting: RHB Andy Sheets 0-0: Foul Ball, location: 2F
0-1: Ground out 1-3 (Groundball, P, EV 80.0 MPH)
Batting: LHB Tony Longmire 0-0: Ball
1-0: Called Strike
1-1: Called Strike
1-2: Ball
2-2: Ground out 4-3 (Groundball, 4M, EV 103.1 MPH)
Bottom of the 7th over - 0 runs, 0 hits, 0 errors, 0 left on base; Milwaukee 7 - Savannah 5
TOP OF THE 8TH
Milwaukee Otters batting - Pitching for Savannah Swamp Foxes : RHP Dustin Hermanson
Batting: RHB Robby Thompson 0-0: Swinging Strike
0-1: Ball
1-1: Called Strike
1-2: Strikes out swinging
Batting: LHB Lou Whitaker 0-0: Ball
1-0: Ball
2-0: Ground out 6-3 (Groundball, 6, EV 103.8 MPH)
Batting: RHB Joe Vitiello 0-0: Swinging Strike
0-1: DOUBLE (Line Drive, 78D, EV 101.9 MPH)
Pitching: RHP Don Schulze
Batting: RHB Brian Harper 0-0: Called Strike
0-1: Ball
1-1: Swinging Strike
1-2: Fly out, F9 (Flyball, 9S, EV 86.9 MPH)
Top of the 8th over - 0 runs, 1 hit, 0 errors, 1 left on base; Milwaukee 7 - Savannah 5
BOTTOM OF THE 8TH
Savannah Swamp Foxes batting - Pitching for Milwaukee Otters : RHP Todd Ritchie
Batting: RHB Jimmy Hurst 0-0: Ball
1-0: Ball
2-0: Ball
3-0: Base on Balls
Batting: LHB John Kruk 0-0: Called Strike
0-1: Foul Ball, location: 2F
0-2: Ball
1-2: Fly out, F6 (Popup, 6M, EV 65.0 MPH)
Batting: RHB Izzy Molina 0-0: Ball
1-0: Ball
2-0: Foul Ball, location: 2F
2-1: Swinging Strike
2-2: Ball
3-2: Foul Ball, location: 2F
3-2: Foul Ball, location: 2F
3-2: Fly out, F8 (Flyball, 8RS, EV 85.0 MPH)
Batting: LHB Jacob Cruz 0-0: Called Strike
0-1: SINGLE (Groundball, 6M, EV 108.1 MPH) (infield hit)
Jimmy Hurst to second
Batting: LHB Jack Howell 0-0: Swinging Strike
0-1: Foul Ball, location: 2F
0-2: Fly out, F4 (Popup, 34S, EV 82.5 MPH)
Bottom of the 8th over - 0 runs, 1 hit, 0 errors, 2 left on base; Milwaukee 7 - Savannah 5
TOP OF THE 9TH
Milwaukee Otters batting - Pitching for Savannah Swamp Foxes : RHP Don Schulze
Batting: SHB Desi Relaford 0-0: Ball
1-0: Foul Ball, location: 2F
1-1: Ball
2-1: Ball
3-1: TRIPLE (Flyball, 78XD, EV 104.4 MPH)
Batting: RHB Carlos A. Martinez 0-0: Swinging Strike
0-1: Ball
1-1: Ball
2-1: Reached on error, E5 (Groundball, 56, EV 84.4 MPH)
Desi Relaford scores
Batting: LHB Brady Anderson 0-0: Foul Ball, location: 2F
0-1: Ball
1-1: Grounds into double play, 6-4-3 (Groundball, 6, EV 103.1 MPH)
Batting: LHB Oddibe McDowell 0-0: Ball
1-0: Ball
2-0: Foul Ball, location: 2F
2-1: SINGLE (Flyball, 56D, EV 95.0 MPH)
Batting: RHB Cal Ripken Jr. 0-0: Fly out, F8 (Flyball, 89M, EV 79.4 MPH)
Top of the 9th over - 1 run, 2 hits, 1 error, 1 left on base; Milwaukee 8 - Savannah 5
BOTTOM OF THE 9TH
Savannah Swamp Foxes batting - Pitching for Milwaukee Otters : RHP Todd Ritchie
Pitching: RHP Mark Clear
Now at 2B: Tony Graffanino
Now in LF: Deion Sanders
Batting: RHB Masahiro Kawai 0-0: Swinging Strike
0-1: Swinging Strike
0-2: Ball
1-2: Strikes out looking
Batting: LHB Koji Goto 0-0: Ball
1-0: Ball
2-0: Ball
3-0: Called Strike
3-1: Base on Balls
Batting: RHB Andy Sheets 0-0: Foul Ball, location: 2F
0-1: Ball
1-1: Ball
2-1: Fly out, F7 (Line Drive, 7, EV 89.4 MPH)
Batting: LHB Tony Longmire 0-0: Fly out, F8 (Flyball, 8RD, EV 88.1 MPH)
Bottom of the 9th over - 0 runs, 0 hits, 0 errors, 1 left on base; Milwaukee 8 - Savannah 5
Tuesday, January 20th, 2026 - OOTP Baseball 20.8 Build 74